Map: Acid Plant LE

Players

Reynor

  • Race: Zerg Zerg
  • Spawn Location: 5:00

Bly - Winner!

  • Race: Zerg Zerg
  • Spawn Location: 11:00

Event: WCS Montreal 2018

VOD

Have the link to the VOD?

Description

Time

  • Played on: Sept. 7, 2018, 2:47 p.m.
  • Length: 6:07

All games in this series

Show
View Real Time Build Order
Export as new Build Order

Reynor Zerg 

Build Orders: Hatch First 

Get SALT Encoding   

  12  0:00  Drone  
  13  0:12  Overlord  
  13  0:17  Drone  
  14  0:30  Drone  
  14  0:31  Drone  
  16  0:48  Hatchery  
  15  0:51  Drone  
  15  0:54  Drone  
  17  0:59  Drone  
  18  1:08  Extractor  
  17  1:14  Spawning Pool  
  17  1:17  Drone  
  17  1:20  Drone  
  18  1:28  Drone  
  19  1:38  Overlord  
  19  2:01  Zergling x6, Queen x2  
  26  2:09  Metabolic Boost  
  26  2:12  Drone  
  26  2:15  Drone  
  28  2:22  Drone x2  
  30  2:41  Drone  
  30  2:43  Drone  
  30  2:44  Hatchery  
  31  2:47  Drone  
  31  2:50  Overlord  
  32  2:57  Drone x2  
  33  3:05  Drone x2  
  34  3:11  Queen  
  35  3:20  Zergling x12  
  41  3:27  Evolution Chamber  
  41  3:29  Drone  
  41  3:31  Zergling x2  
  42  3:38  Overlord  
  42  3:41  Drone x2  
  44  3:43  Overlord  
  44  3:56  Drone x5  
  49  4:03  Roach Warren  
  49  4:09  Evolution Chamber x2  
  44  4:19  Evolution Chamber, Zergling x6  
  44  4:20  Zergling x2, Evolution Chamber  
  44  4:23  Zergling x4  
  44  4:24  Zergling x2  
  43  4:33  Zergling x10  
  45  4:48  Zergling x4  
  45  4:49  Baneling Nest  
  46  4:54  Zergling x4  
  42  5:01  Roach Warren  
  38  5:08  Zergling x4  
  38  5:09  Zergling x2  
  38  5:11  Queen  
  43  5:19  Zergling x8  
  45  5:28  Zergling x6  
  42  5:34  Baneling  
  42  5:35  Zergling x2  
  37  5:38  Zergling x2  
  37  5:39  Baneling  
  37  5:42  Zergling x2  
  35  5:46  Zergling x2  
Show
View Real Time Build Order
Export as new Build Order

Bly Zerg - Winner!

Build Orders: Hatch First, Zergling Baneling 

Get SALT Encoding   

  12  0:01  Drone  
  13  0:12  Overlord  
  13  0:18  Drone  
  14  0:32  Drone x2  
  16  0:48  Hatchery  
  15  0:52  Drone  
  15  0:55  Drone  
  17  0:59  Drone  
  18  1:11  Extractor  
  17  1:15  Spawning Pool  
  17  1:17  Drone  
  17  1:22  Drone  
  18  1:28  Drone  
  19  1:39  Drone  
  20  1:50  Overlord  
  20  2:00  Drone  
  22  2:01  Drone, Queen x2  
  26  2:10  Drone  
  26  2:12  Drone  
  28  2:18  Metabolic Boost  
  28  2:23  Zergling x2  
  28  2:26  Drone  
  30  2:32  Zergling x2  
  30  2:36  Overlord  
  31  2:37  Queen  
  33  2:48  Drone x2  
  35  3:02  Drone x2  
  36  3:10  Zergling x14  
  43  3:13  Baneling Nest  
  42  3:21  Zergling x2  
  43  3:29  Overlord  
  43  3:35  Overlord  
  43  3:37  Extractor  
  42  3:41  Overlord  
  42  3:47  Zergling x2  
  43  3:53  Zergling x8  
  43  3:54  Zergling x4  
  43  3:55  Hatchery  
  48  4:01  Zergling x4  
  51  4:13  Baneling x2  
  51  4:19  Zergling x2  
  51  4:20  Zergling x14  
  54  4:37  Zergling x6  
  54  4:44  Baneling x6  
  54  4:45  Baneling  
  51  4:50  Zergling x14  
  54  5:01  Zergling x4  
  54  5:06  Zergling x2  
  47  5:21  Zergling x10  
  47  5:22  Zergling x8  
  55  5:29  Zergling x2  
  55  5:30  Zergling x2  
  54  5:37  Baneling x3  
  54  5:41  Zergling x6  
  55  5:47  Baneling x2  
  55  5:49  Zergling x8  
Tags
 
Add a new tag
Caveats
  • Supply blocks, unpowered buildings, or Contaminate may cause inaccurate times.
  • Supply counts are checked every 10 seconds.